 Dungeon Crawl Stone Soup version 0.29.1-12-g30fa7ad0bf (webtiles) character file.

Game seed: 8326220173086349377

1738 Oxelix the Cleaver (level 8, -2/75 HPs)
             Began as a Minotaur Berserker on Jan 14, 2023.
             Was a Priest of Trog.
             Engulfed by a steam dragon's steam (4 damage)
             ... on level 6 of the Dungeon.
             The game lasted 00:06:57 (5639 turns).

Oxelix the Cleaver (Minotaur Berserker)             Turns: 5639, Time: 00:06:57

Health: -2/75      AC:  5    Str: 24    XL:     8   Next: 77%
Magic:  7/7        EV: 11    Int:  4    God:    Trog [***...]
Gold:   318        SH:  0    Dex: 10    Spells: 7/7 levels left

rFire   . . .      SeeInvis .   a - +0 hand axe
rCold   + . .      Faith    .   (no shield)
rNeg    . . .      Spirit   .   g - +0 ring mail
rPois   +          Reflect  .   (helmet restricted)
rElec   .          Harm     .   (no cloak)
rCorr   .          Rampage  .   (no gloves)
Will    .....                   (no boots)
Stlth   ..........              f - amulet of magic regeneration
HPRegen 0.22/turn               v - ring of protection from cold
MPRegen 0.50/turn               h - ring of poison resistance

@: on berserk cooldown, slowed, very slow
A: horns 2, retaliatory headbutt
a: Renounce Religion, Berserk, Trog's Hand


You were on level 6 of the Dungeon.
You worshipped Trog.
Trog was most pleased with you.
You visited 2 branches of the dungeon, and saw 7 of its levels.

You collected 318 gold pieces.

Inventory:

Hand Weapons
 a - a +0 hand axe (weapon)
Missiles
 j - 3 poisoned darts (quivered)
Armour
 g - a +0 ring mail (worn)
Jewellery
 f - an amulet of magic regeneration (around neck)
 h - a ring of poison resistance (right hand)
 v - a ring of protection from cold (left hand)
Scrolls
 c - a scroll of poison {unknown}
 d - a scroll of noise {unknown}
 e - a scroll of amnesia {unknown}
 i - 7 scrolls of identify {unknown}
 m - 4 scrolls of vulnerability {unknown}
 n - a scroll of summoning {unknown}
 p - a scroll of enchant armour {unknown}
 q - 4 scrolls of blinking {unknown}
 t - 5 scrolls of immolation {unknown}
 u - 2 scrolls of fear {unknown}
 x - 2 scrolls of teleportation {unknown}
 y - a scroll of silence {unknown}
Potions
 b - 2 potions of mutation {unknown}
 k - a potion of heal wounds {unknown}
 l - a potion of curing {unknown}
 o - a potion of invisibility {unknown}
 r - a potion of lignification {unknown}
 s - a potion of ambrosia {unknown}
 w - a potion of degeneration {unknown}
 z - a potion of resistance {unknown}


   Skills:
 + Level 8.6 Fighting
 * Level 11.5 Axes
 - Level 2.4 Armour
 - Level 2.1 Dodging


You had 7 spell levels left.
You didn't know any spells.
Your spell library was empty.

Dungeon Overview and Level Annotations

Branches:
Dungeon (6/15)             Temple (1/1) D:5

Altars:
Cheibriados
Dithmenos
Elyvilon
Fedhas
Gozag
Hepliaklqana
Kikubaaqudgha
Makhleb
Nemelex Xobeh
Okawaru
Ru
Sif Muna
Uskayaw
Vehumet
Wu Jian
Xom
Yredelemnul
Zin
The Shining One

Annotations:
D:5 exclusion: statue


Innate Abilities, Weirdness & Mutations

You have a pair of horns on your head.
You reflexively headbutt those who attack you in melee.


Message History

A red film seems to cover your vision as you go berserk!
You feel yourself moving faster!
You feel mighty! The steam dragon breathes steam at you.
The ball of steam hits you!
You barely miss the steam dragon.
You are engulfed in a cloud of scalding steam.
You hit the steam dragon.
The steam dragon is lightly wounded.
You are engulfed in a cloud of scalding steam.
The steam dragon bites you.
The steam dragon claws you but does no damage.
You closely miss the steam dragon.
The steam dragon is lightly wounded.
You are engulfed in a cloud of scalding steam.
You slash the steam dragon! You headbutt the steam dragon!
The steam dragon is almost dead.
You are engulfed in a cloud of scalding steam.
The steam dragon closely misses you. You furiously retaliate!
You headbutt the steam dragon!
You kill the steam dragon!
Trog accepts your kill.
You are engulfed in a cloud of scalding steam.
You feel a strong urge to attack something.
You start resting.
A steam dragon comes into view.
A steam dragon is nearby!
A steam dragon is nearby!
A steam dragon is nearby!
You feel your anger nearly subside.
You are no longer berserk.
You are exhausted.
You feel yourself slow down.
The steam dragon hisses angrily.
The steam dragon breathes steam at you. The ball of steam hits you!
* * * LOW HITPOINT WARNING * * *
The steam dragon breathes steam at you. The ball of steam hits you!
* * * LOW HITPOINT WARNING * * *
You are engulfed in a cloud of scalding steam.
You die...

#≈.D..##.#..#.......#
##≈....#....#.......+
#§.8.§§.§..#.......#
#≈≈...#D§..#.......######
##≈≈.##§####...)...#....##
#####..§..........#.....#
#....§.§........#....###
#....§§.........#....#..
#.....§@...>....#'####..
#......§................
#.....†..#######........
#....##+##.....'........
#....#...#.....#........
#....#...#.....#....####
#....#..########....#
#....#'##...........#
#...................#


There were no monsters in sight!

Vanquished Creatures
  Grinder (D:4)
  Sigmund (D:4)
  2 steam dragons (D:6)
  Menkaure (D:4)
  2 water moccasins (D:5)
  2 black bears
  2 phantoms
  A necrophage (D:4)
  A jelly (D:6)
  2 orc priests (D:5)
  2 hounds
  2 iguanas (D:5)
  Terence (D:2)
  Robin (D:2)
  8 adders
  5 dart slugs
  8 orcs
  4 ball pythons
  5 bats (D:1)
  7 endoplasms
  3 giant cockroaches
  6 hobgoblins
  5 jackals
  2 quokkas
  A frilled lizard (D:1)
  15 goblins
  10 kobolds
  7 rats
107 creatures vanquished.

Notes
Turn   | Place    | Note
-------+----------+-------------------------------------------
     0 | D:1      | Oxelix the Minotaur Berserker began the quest for the Orb.
     0 | D:1      | Reached XP level 1. HP: 19/19 MP: 0/0
    57 | D:1      | Reached skill level 4 in Axes
    63 | D:1      | Reached XP level 2. HP: 18/27 MP: 1/1
   563 | D:1      | Reached XP level 3. HP: 8/33 MP: 2/2
   564 | D:1      | Reached ** piety under Trog
  1370 | D:2      | Noticed Robin
  1372 | D:2      | Reached skill level 5 in Axes
  1375 | D:2      | Noticed Terence
  1383 | D:2      | Killed Robin
  1384 | D:2      | Reached XP level 4. HP: 36/41 MP: 3/3
  1387 | D:2      | Killed Terence
  1984 | D:2      | Found a faded altar of an unknown god.
  2505 | D:3      | Reached skill level 6 in Axes
  2751 | D:3      | Found a hazy altar of Hepliaklqana.
  2788 | D:3      | Found a white marble altar of Elyvilon.
  3063 | D:4      | Reached skill level 5 in Fighting
  3063 | D:4      | Reached XP level 5. HP: 35/48 MP: 4/4
  3233 | D:4      | Reached *** piety under Trog
  3258 | D:4      | Noticed Sigmund
  3279 | D:4      | Killed Sigmund
  3280 | D:4      | Reached skill level 7 in Axes
  3280 | D:4      | Reached XP level 6. HP: 55/56 MP: 5/5
  3308 | D:4      | Noticed Grinder
  3310 | D:4      | Paralysed by Grinder for 3 turns
  3383 | D:4      | Killed Grinder
  3384 | D:4      | Reached skill level 8 in Axes
  3458 | D:4      | Reached XP level 7. HP: 59/63 MP: 6/6
  3695 | D:4      | Noticed Menkaure
  3700 | D:4      | Killed Menkaure
  3918 | D:4      | Reached skill level 9 in Axes
  4077 | D:5      | Entered Level 5 of the Dungeon
  4132 | D:5      | Found an ornate altar of the Wu Jian Council.
  4388 | D:5      | Found a radiant altar of Vehumet.
  4419 | D:5      | Reached XP level 8. HP: 69/73 MP: 7/7
  4449 | D:5      | Found a staircase to the Ecumenical Temple.
  4467 | D:5      | Reached skill level 10 in Axes
  4476 | Temple   | Entered the Ecumenical Temple
  5074 | D:5      | Found a sparkling altar of Nemelex Xobeh.
  5479 | D:6      | Reached skill level 11 in Axes
  5638 | D:6      | HP: 2/75 [something/ball of steam (14)]
  5639 | D:6      | Engulfed by a steam dragon's steam

Illustrated notes

Levels and vault maps discovered:
D:1:      dpeg_arrival_tiny_f, layout_basic, chequers_serial_rivers_marsh,
          minmay_pentomino_w4
D:2:      layout_loops_ring, basic_ecumenical_altar, uniq_robin, uniq_terence
D:3:      layout_basic, nicolae_overflow_squiral, kennysheep_crisscross
D:4:      layout_rooms, kennysheep_big_empty_room, kennysheep_cluttered_room,
          uniq_grinder, uniq_sigmund, uniq_menkaure
D:5:      layout_cave_pools, nicolae_wu_jian_wuxing_cycle, vehumet_statue,
          nemelex_spade_bored_becter, minmay_temple_entry_junction
D:6:      cheibrodos_steamvent, layout_gridville, minmay_misc_feat_diagonals
Temple:   minmay_temple_curvy_branch

Skill      XL: |  1  2  3  4  5  6  7  8 |
---------------+-------------------------+-----
Axes           | 4 5 6 7 8 9 11 | 11.5
Fighting       | 4 5 6 7 8 |  8.6
Armour         | |  2.4
Dodging        | |  2.1

Action                   |  1- 3 |  4- 6 |  7- 9 || total
-------------------------+-------+-------+-------++-------
Melee: Hand axe          |    80 |    73 |   106 ||   259
       Headbutt          |     8 |     9 |    19 ||    36
       Punch             |     1 |       |     1 ||     2
Invok: Berserk           |     1 |     2 |     3 ||     6
Armor: Leather armour    |    27 |       |       ||    27
       Ring mail         |    19 |    15 |    28 ||    62
Dodge: Dodged            |    58 |    34 |    54 ||   146
